| TOP OF THE 1ST |
|
Aberdeen Pheasants batting - Pitching for Watertown Bucks : RHP Bob L Gibson
|
|
Pitching: RHP Bob L Gibson
|
|
|
Batting: LHB Sergio Leija
|
0-0: Ball 1-0: Ball 2-0: Called Strike 2-1: Ball 3-1: Base on Balls
|
|
Batting: LHB Rick Leach
|
0-0: Ball 1-0: Ball Sergio Leija steals 2nd base (no throw) 2-0: Fly out, F9 (Flyball, 9LS, EV 78.8 MPH)
|
|
Batting: LHB Bob Porter
|
0-0: Called Strike Sergio Leija steals 3rd base 0-1: Ground out 6-3 (Groundball, 6, EV 80.0 MPH) Sergio Leija scores
|
|
Batting: SHB Stephen Moore
|
0-0: Swinging Strike 0-1: Foul Ball, location: 2F 0-2: Ball 1-2: Fly out, F4 (Line Drive, 4, EV 66.9 MPH)
|
| Top of the 1st over - 1 run, 0 hits, 0 errors, 0 left on base; Aberdeen 1 - Watertown 0 |
| BOTTOM OF THE 1ST |
|
Watertown Bucks batting - Pitching for Aberdeen Pheasants : RHP Mark Knudson
|
|
Pitching: RHP Mark Knudson
|
|
|
Batting: SHB Luis Rivera
|
0-0: Ball 1-0: SINGLE (Groundball, 25, EV 68.8 MPH) (infield hit)
|
|
Batting: RHB Robert Tanzi
|
0-0: Ball 1-0: Grounds into double play, 5-4-3 (Groundball, 5, EV 87.5 MPH)
|
|
Batting: RHB Randy Hunt
|
0-0: Fly out, F8 (Flyball, 8RM, EV 80.0 MPH)
|
| Bottom of the 1st over - 0 runs, 1 hit, 0 errors, 0 left on base; Aberdeen 1 - Watertown 0 |
| TOP OF THE 2ND |
|
Aberdeen Pheasants batting - Pitching for Watertown Bucks : RHP Bob L Gibson
|
|
Batting: RHB Harry McCulla
|
0-0: Called Strike 0-1: DOUBLE (Line Drive, 5D, EV 106.3 MPH)
|
|
Batting: RHB Pedro Chavez
|
0-0: Swinging Strike 0-1: Ground out 6-3 (Groundball, 56, EV 88.1 MPH)
|
|
Batting: RHB Alejandro Luna
|
0-0: Ball 1-0: Ball 2-0: Ball 3-0: Swinging Strike 3-1: Called Strike 3-2: Strikes out looking
|
|
Batting: RHB Armando Ramirez
|
0-0: Ball 1-0: Fly out, F9 (Flyball, 89S, EV 88.8 MPH)
|
| Top of the 2nd over - 0 runs, 1 hit, 0 errors, 1 left on base; Aberdeen 1 - Watertown 0 |
| BOTTOM OF THE 2ND |
|
Watertown Bucks batting - Pitching for Aberdeen Pheasants : RHP Mark Knudson
|
|
Batting: RHB Richard Plautz
|
0-0: Called Strike 0-1: Ball 1-1: Called Strike 1-2: Strikes out swinging
|
|
Batting: LHB Bryan Neal
|
0-0: Ball 1-0: Swinging Strike 1-1: Ball 2-1: Called Strike 2-2: Foul Ball, location: 2F 2-2: Ground out 4-3 (Groundball, 4S, EV 88.1 MPH)
|
|
Batting: RHB Eugene Cattane
|
0-0: Ground out 6-3 (Groundball, 6, EV 78.8 MPH)
|
| Bottom of the 2nd over - 0 runs, 0 hits, 0 errors, 0 left on base; Aberdeen 1 - Watertown 0 |
| TOP OF THE 3RD |
|
Aberdeen Pheasants batting - Pitching for Watertown Bucks : RHP Bob L Gibson
|
|
Batting: RHB Diego Martinez
|
0-0: Ball 1-0: Foul Ball, location: 2F 1-1: Foul Ball, location: 2F 1-2: Foul Ball, location: 2F 1-2: Foul Ball, location: 2F 1-2: Ground out 4-3 (Groundball, 4, EV 76.9 MPH)
|
|
Batting: LHB Sergio Leija
|
0-0: Ball 1-0: Foul Ball, location: 2F 1-1: Ball 2-1: TRIPLE (Line Drive, 78XD, EV 100.0 MPH)
|
|
Pinch Runner at 3rd Robert McNair:
|
|
|
Batting: LHB Rick Leach
|
0-0: Called Strike 0-1: Ball 1-1: Called Strike 1-2: Ground out 2-3 (Groundball, 13S, EV 68.8 MPH)
|
|
Batting: LHB Bob Porter
|
0-0: Swinging Strike 0-1: Ball 1-1: Called Strike 1-2: Ball 2-2: Foul Ball, location: 2F 2-2: Foul Ball, location: 2F 2-2: Strikes out swinging
|
| Top of the 3rd over - 0 runs, 1 hit, 0 errors, 1 left on base; Aberdeen 1 - Watertown 0 |
| BOTTOM OF THE 3RD |
|
Watertown Bucks batting - Pitching for Aberdeen Pheasants : RHP Mark Knudson
|
|
Now in RF: Greg Howe
|
|
|
Batting: LHB Greg Guin
|
0-0: Swinging Strike 0-1: SINGLE (Flyball, 3D, EV 91.3 MPH)
|
|
Batting: RHB Thomas Dimino
|
0-0: Ball 1-0: Swinging Strike 1-1: Foul Ball, location: 2F 1-2: Ball 2-2: Foul Ball, location: 2F 2-2: Fly out, F8 (Flyball, 8LM, EV 95.6 MPH)
|
|
Batting: LHB Carl Spikes
|
0-0: Ball 1-0: Ball 2-0: Fly out, F4 (Line Drive, 4, EV 65.6 MPH)
|
|
Batting: SHB Luis Rivera
|
0-0: Swinging Strike 0-1: Ball 1-1: Fly out, F7 (Flyball, 7, EV 83.1 MPH)
|
| Bottom of the 3rd over - 0 runs, 1 hit, 0 errors, 1 left on base; Aberdeen 1 - Watertown 0 |
| TOP OF THE 4TH |
|
Aberdeen Pheasants batting - Pitching for Watertown Bucks : RHP Bob L Gibson
|
|
Batting: SHB Stephen Moore
|
0-0: Ball 1-0: Foul Ball, location: 2F 1-1: Called Strike 1-2: SINGLE (Groundball, 15S, EV 69.4 MPH) (infield hit)
|
|
Batting: RHB Harry McCulla
|
0-0: Ball 1-0: Called Strike 1-1: Called Strike 1-2: Foul Ball, location: 2F 1-2: Ball 2-2: Fly out, F3 (Popup, 3SF, EV 86.9 MPH)
|
|
Batting: RHB Pedro Chavez
|
0-0: Ball Stephen Moore steals 2nd base 1-0: TRIPLE (Flyball, 78XD, EV 113.1 MPH) Stephen Moore scores
|
|
Batting: RHB Alejandro Luna
|
0-0: Ground out 5-3 (Groundball, 56S, EV 86.3 MPH)
|
|
Batting: RHB Armando Ramirez
|
0-0: Ball 1-0: Fly out, F7 (Line Drive, 7, EV 98.8 MPH)
|
| Top of the 4th over - 1 run, 2 hits, 0 errors, 1 left on base; Aberdeen 2 - Watertown 0 |
| BOTTOM OF THE 4TH |
|
Watertown Bucks batting - Pitching for Aberdeen Pheasants : RHP Mark Knudson
|
|
Batting: RHB Robert Tanzi
|
0-0: Ball 1-0: Swinging Strike 1-1: Ground out U3 (Groundball, 34S, EV 88.8 MPH)
|
|
Batting: RHB Randy Hunt
|
0-0: Ball 1-0: Called Strike 1-1: Ball 2-1: Foul Ball, location: 2F 2-2: Foul Ball, location: 2F 2-2: Foul Ball, location: 2F 2-2: Fly out, F7 (Flyball, 78S, EV 91.9 MPH)
|
|
Batting: RHB Richard Plautz
|
0-0: Ball 1-0: Ball 2-0: Ball 3-0: Foul Ball, location: 2F 3-1: Base on Balls
|
|
Batting: LHB Bryan Neal
|
0-0: Ball 1-0: Called Strike Richard Plautz is caught stealing 2nd base 2-6
|
| Bottom of the 4th over - 0 runs, 0 hits, 0 errors, 0 left on base; Aberdeen 2 - Watertown 0 |
| TOP OF THE 5TH |
|
Aberdeen Pheasants batting - Pitching for Watertown Bucks : RHP Bob L Gibson
|
|
Batting: RHB Diego Martinez
|
0-0: Ground out U3 (Groundball, 3S, EV 86.9 MPH)
|
|
Batting: RHB Greg Howe
|
0-0: Foul Ball, location: 2F 0-1: Ball 1-1: Called Strike 1-2: Ball 2-2: Foul Ball, location: 2F 2-2: Ball 3-2: DOUBLE (Line Drive, 9LS, EV 95.6 MPH)
|
|
Batting: LHB Rick Leach
|
0-0: Called Strike 0-1: Ball 1-1: Fly out, F9 (Flyball, 9S, EV 89.4 MPH)
|
|
Batting: LHB Bob Porter
|
0-0: Ground out 6-3 (Groundball, 6, EV 86.9 MPH)
|
| Top of the 5th over - 0 runs, 1 hit, 0 errors, 1 left on base; Aberdeen 2 - Watertown 0 |
| BOTTOM OF THE 5TH |
|
Watertown Bucks batting - Pitching for Aberdeen Pheasants : RHP Mark Knudson
|
|
Batting: LHB Bryan Neal
|
0-0: SINGLE (Line Drive, 7LM, EV 103.1 MPH)
|
|
Batting: RHB Eugene Cattane
|
0-0: Fielders Choice at 2nd, 4-6 (Groundball, 34D, EV 105.0 MPH)
|
|
Batting: LHB Greg Guin
|
0-0: Ball 1-0: Ball 2-0: Ball 3-0: Called Strike 3-1: Swinging Strike 3-2: Fly out, F8 (Flyball, 8LXD, EV 110.0 MPH)
|
|
Batting: RHB Thomas Dimino
|
0-0: Swinging Strike 0-1: Ball 1-1: Fly out, F3 (Popup, 3F, EV 68.8 MPH)
|
| Bottom of the 5th over - 0 runs, 1 hit, 0 errors, 1 left on base; Aberdeen 2 - Watertown 0 |
| TOP OF THE 6TH |
|
Aberdeen Pheasants batting - Pitching for Watertown Bucks : RHP Bob L Gibson
|
|
Batting: SHB Stephen Moore
|
0-0: Fly out, F9 (Flyball, 9LS, EV 87.5 MPH)
|
|
Batting: RHB Harry McCulla
|
0-0: Called Strike 0-1: Called Strike 0-2: Foul Ball, location: 2F 0-2: Ball 1-2: Strikes out swinging
|
|
Batting: RHB Pedro Chavez
|
0-0: Called Strike 0-1: Ball 1-1: Swinging Strike 1-2: Ball 2-2: Strikes out swinging
|
| Top of the 6th over - 0 runs, 0 hits, 0 errors, 0 left on base; Aberdeen 2 - Watertown 0 |
| BOTTOM OF THE 6TH |
|
Watertown Bucks batting - Pitching for Aberdeen Pheasants : RHP Mark Knudson
|
|
Batting: LHB Carl Spikes
|
0-0: SINGLE (Groundball, 34D, EV 110.0 MPH)
|
|
Batting: SHB Luis Rivera
|
0-0: Called Strike 0-1: Ball 1-1: Called Strike 1-2: Ball 2-2: Ball 3-2: Fly out, F8 (Flyball, 8LS, EV 78.1 MPH)
|
|
Batting: RHB Robert Tanzi
|
0-0: Ball 1-0: SINGLE (Groundball, 6D, EV 110.0 MPH) Carl Spikes to second
|
|
Batting: RHB Randy Hunt
|
0-0: Called Strike 0-1: Ball 1-1: Foul Ball, location: 2F 1-2: Foul Ball, location: 2F 1-2: Ball 2-2: Ball 3-2: SINGLE (Groundball, 56D, EV 97.5 MPH) Carl Spikes to third Robert Tanzi to second Carl Spikes scores Robert Tanzi to third
|
|
Batting: RHB Richard Plautz
|
0-0: Called Strike 0-1: SINGLE (Line Drive, 89S, EV 91.3 MPH) Robert Tanzi scores Randy Hunt to second Runner from 2nd tries for 3rd, SAFE, throw by RF made to third
|
|
Batting: LHB Bryan Neal
|
0-0: Ball Richard Plautz steals 2nd base (no throw) 1-0: Intentional Walk
|
|
Batting: RHB Eugene Cattane
|
0-0: Ball 1-0: Fly out, F7 (Flyball, 7, EV 88.1 MPH) Runner from 3rd tags up, SCORES, throw by LF
|
|
Batting: LHB Greg Guin
|
0-0: Ball 1-0: Ball 2-0: Called Strike 2-1: Foul Ball, location: 2F 2-2: Strikes out looking
|
| Bottom of the 6th over - 3 runs, 4 hits, 0 errors, 2 left on base; Aberdeen 2 - Watertown 3 |
| TOP OF THE 7TH |
|
Aberdeen Pheasants batting - Pitching for Watertown Bucks : RHP Bob L Gibson
|
|
Batting: RHB Alejandro Luna
|
0-0: Foul Ball, location: 2F 0-1: Foul Ball, location: 2F 0-2: Strikes out swinging
|
|
Batting: RHB Armando Ramirez
|
0-0: Fly out, F8 (Line Drive, 8RD, EV 91.9 MPH)
|
|
Batting: RHB Diego Martinez
|
0-0: Called Strike 0-1: Fly out, F9 (Flyball, 9S, EV 95.6 MPH)
|
| Top of the 7th over - 0 runs, 0 hits, 0 errors, 0 left on base; Aberdeen 2 - Watertown 3 |
| BOTTOM OF THE 7TH |
|
Watertown Bucks batting - Pitching for Aberdeen Pheasants : RHP Mark Knudson
|
|
Batting: RHB Thomas Dimino
|
0-0: Ground out 5-3 (Groundball, 56S, EV 86.9 MPH)
|
|
Batting: LHB Carl Spikes
|
0-0: Ball 1-0: Ball 2-0: Swinging Strike 2-1: Ground out 4-3 (Groundball, 4M, EV 110.6 MPH)
|
|
Batting: SHB Luis Rivera
|
0-0: Ball 1-0: Swinging Strike 1-1: Called Strike 1-2: Ground out 5-3 (Groundball, 5, EV 84.4 MPH)
|
| Bottom of the 7th over - 0 runs, 0 hits, 0 errors, 0 left on base; Aberdeen 2 - Watertown 3 |
| TOP OF THE 8TH |
|
Aberdeen Pheasants batting - Pitching for Watertown Bucks : RHP Bob L Gibson
|
|
Batting: RHB Greg Howe
|
0-0: Called Strike 0-1: SOLO HOME RUN (Flyball, 7D, EV 111.9 MPH), Distance : 376 ft
|
|
Batting: LHB Rick Leach
|
0-0: Fly out, F4 (Line Drive, 4, EV 70.6 MPH)
|
|
Batting: LHB Bob Porter
|
0-0: Ball 1-0: Foul Ball, location: 2F 1-1: Swinging Strike 1-2: Ball 2-2: Strikes out swinging
|
|
Batting: SHB Stephen Moore
|
0-0: Called Strike 0-1: Fly out, F7 (Line Drive, 7D, EV 88.1 MPH)
|
| Top of the 8th over - 1 run, 1 hit, 0 errors, 0 left on base; Aberdeen 3 - Watertown 3 |
| BOTTOM OF THE 8TH |
|
Watertown Bucks batting - Pitching for Aberdeen Pheasants : RHP Mark Knudson
|
|
Batting: RHB Robert Tanzi
|
0-0: Called Strike 0-1: Ball 1-1: SINGLE (Groundball, 34D, EV 98.1 MPH)
|
|
Batting: RHB Randy Hunt
|
0-0: Ball 1-0: Ball 2-0: Foul Ball, location: 2F 2-1: Foul Ball, location: 2F 2-2: Ball 3-2: Foul Ball, location: 2F 3-2: Foul Ball, location: 2F 3-2: Fly out, F7 (Flyball, 7LS, EV 91.9 MPH)
|
|
Pinch Hitting: RHB Sebastiano Borriello
|
0-0: Called Strike 0-1: Ball 1-1: Foul Ball, location: 2F 1-2: Strikes out swinging
|
|
Batting: LHB Bryan Neal
|
0-0: Ball 1-0: Ball 2-0: Foul Ball, location: 2F 2-1: SINGLE (Flyball, 5D, EV 98.8 MPH) Robert Tanzi to second
|
|
Batting: RHB Eugene Cattane
|
0-0: Ball 1-0: Fly out, F7 (Line Drive, 7D, EV 93.1 MPH)
|
| Bottom of the 8th over - 0 runs, 2 hits, 0 errors, 2 left on base; Aberdeen 3 - Watertown 3 |
| TOP OF THE 9TH |
|
Aberdeen Pheasants batting - Pitching for Watertown Bucks : RHP Bob L Gibson
|
|
Pitching: RHP Randy Graham
|
|
|
Now in LF: Sebastiano Borriello
|
|
|
Batting: RHB Harry McCulla
|
0-0: Foul Ball, location: 2F 0-1: Ball 1-1: Foul Ball, location: 2F 1-2: Ball 2-2: Ball 3-2: Foul Ball, location: 2F 3-2: Fly out, F3 (Popup, 3F, EV 73.8 MPH)
|
|
Batting: RHB Pedro Chavez
|
0-0: Ground out 6-3 (Groundball, 6, EV 104.4 MPH)
|
|
Batting: RHB Alejandro Luna
|
0-0: Ball 1-0: Swinging Strike 1-1: Foul Ball, location: 2F 1-2: Foul Ball, location: 2F 1-2: Ground out 5-3 (Groundball, 5, EV 89.4 MPH)
|
| Top of the 9th over - 0 runs, 0 hits, 0 errors, 0 left on base; Aberdeen 3 - Watertown 3 |
| BOTTOM OF THE 9TH |
|
Watertown Bucks batting - Pitching for Aberdeen Pheasants : RHP Mark Knudson
|
|
Batting: LHB Greg Guin
|
0-0: Ball 1-0: Ball 2-0: Fly out, F8 (Flyball, 8LXD, EV 94.4 MPH)
|
|
Pinch Hitting: SHB Bruce Hines
|
0-0: Ball 1-0: Ball 2-0: Called Strike 2-1: Swinging Strike 2-2: Strikes out looking
|
|
Batting: LHB Carl Spikes
|
0-0: Called Strike 0-1: Foul Ball, location: 2F 0-2: SINGLE (Groundball, 25, EV 69.4 MPH) (infield hit)
|
|
Batting: SHB Luis Rivera
|
0-0: Called Strike Carl Spikes is caught stealing 2nd base 2-6
|
| Bottom of the 9th over - 0 runs, 1 hit, 0 errors, 0 left on base; Aberdeen 3 - Watertown 3 |
| TOP OF THE 10TH |
|
Aberdeen Pheasants batting - Pitching for Watertown Bucks : RHP Randy Graham
|
|
Now at 2B: Bruce Hines
|
|
|
Pinch Hitting: RHB Thomas Masterson
|
0-0: Ball 1-0: Called Strike 1-1: Ground out 6-3 (Groundball, 6, EV 106.9 MPH)
|
|
Batting: RHB Diego Martinez
|
0-0: Ball 1-0: Swinging Strike 1-1: Ball 2-1: Foul Ball, location: 2F 2-2: Strikes out swinging
|
|
Batting: RHB Greg Howe
|
0-0: Fly out, F9 (Flyball, 9D, EV 105.0 MPH)
|
| Top of the 10th over - 0 runs, 0 hits, 0 errors, 0 left on base; Aberdeen 3 - Watertown 3 |
| BOTTOM OF THE 10TH |
|
Watertown Bucks batting - Pitching for Aberdeen Pheasants : RHP Mark Knudson
|
|
Pitching: LHP Juan Contreras
|
|
|
Now at SS: Mike Foote
|
|
|
Pinch Hitting: RHB Bob Volk
|
0-0: Ball 1-0: Ball 2-0: Ball 3-0: Base on Balls
|
|
Batting: RHB Robert Tanzi
|
0-0: Ball 1-0: Called Strike 1-1: Foul Ball, location: 2F 1-2: Strikes out swinging
|
|
Batting: RHB Randy Hunt
|
0-0: Ball 1-0: Ball 2-0: Ball 3-0: Called Strike 3-1: Called Strike 3-2: Base on Balls Bob Volk to second
|
|
Batting: RHB Sebastiano Borriello
|
0-0: Ball 1-0: Ball 2-0: Ball 3-0: Base on Balls Bob Volk to third Randy Hunt to second
|
|
Batting: LHB Bryan Neal
|
0-0: Ball 1-0: Foul Ball, location: 2F 1-1: SINGLE (Line Drive, 89M, EV 92.5 MPH) Bob Volk scores
|
| Bottom of the 10th over - 1 run, 1 hit, 0 errors, 0 left on base; Aberdeen 3 - Watertown 4 |
|